 Dungeon Sprint DCSS version 0.21-a0-229-g3587535 (webtiles) character file.

155 Kidiri the Thaumaturge (level 5, -4/29 HPs)
             Began as a Deep Elf Fire Elementalist on Sept 1, 2017.
             Was an Initiate of Vehumet.
             Killed from afar by a deep elf mage (28 damage)
             ... with a bolt of magma
             ... in the Dungeon (Sprint III: "The Ten Rune Challenge").
             The game lasted 00:02:59 (544 turns).

Kidiri the Thaumaturge (Deep Elf Fire Elementalist)  Turns: 544, Time: 00:03:00

Health: -4/29      AC:  7    Str:  5    XL:     5   Next: 14%
Magic:  15/19      EV: 13    Int: 23    God:    Vehumet [......]
Gold:   26         SH:  0    Dex: 15    Spells: 2/23 levels left

rFire    . . .     SeeInvis .   e - +0 dagger
rCold    . . .     Gourm    .   (no shield)
rNeg     + . .     Faith    .   o - +1 robe {rN+}
rPois    .         Spirit   .   (no helmet)
rElec    .         Reflect  .   (no cloak)
rCorr    .         Harm     .   (no gloves)
MR       .....     NoTele   +   (no boots)
Stlth    ++........             (no amulet)
HPRegen  0.09/turn              (no ring)
MPRegen  0.16/turn              (no ring)

@: no status effects
A: slimy green scales 1, thin metallic scales 1, clever 1
a: Renounce Religion


You were in the Dungeon.
You worshipped Vehumet.
Vehumet was noncommittal.
You were not hungry.

You visited 1 branch You collected 26 gold pieces.

Inventory:

Hand Weapons
 e - a +0 dagger (weapon)
Armour
 o - a +1 robe of positive energy (worn)
Scrolls
 i - a scroll of blinking
 l - a scroll of holy word
 n - a scroll of immolation {unknown}
 p - a scroll of torment {unknown}
 q - 3 scrolls of remove curse
Potions
 d - a potion of curing
 f - 2 potions of haste
 g - 2 potions of magic
 h - a potion of berserk rage
 k - 3 potions of mutation
 s - 2 potions of flight
Comestibles
 c - 2 bread rations
 j - 3 chunks of flesh
 r - a royal jelly


   Skills:
 + Level 1.2 Fighting
 + Level 0.0 Short Blades
 + Level 1.2 Armour
 + Level 3.2 Dodging
 - Level 2.4 Stealth
 * Level 9.7 Spellcasting
 + Level 5.2 Conjurations
 + Level 6.2 Fire Magic
 + Level 0.0 Air Magic
 + Level 0.0 Poison Magic


You had 2 spell levels left.
You knew the following spells:

 Your Spells              Type           Power        Failure   Level  Hunger
a - Flame Tongue          Conj/Fire      #####        1%          1    None
b - Throw Flame           Conj/Fire      #####.       1%          2    None
c - Conjure Flame         Conj/Fire      #####...     1%          3    None
d - Inner Flame           Hex/Fire       ####....     4%          3    None
e - Sticky Flame          Conj/Fire      #####...     5%          4    ##.....
f - Fireball              Conj/Fire      #####.....   16%         5    ####...
g - Mephitic Cloud        Conj/Pois/Air  ###.....     9%          3    None


Dungeon Overview and Level Annotations

Branches:
Dungeon (1/1)

Altars:
Elyvilon
Kikubaaqudgha
Sif Muna
Vehumet
Zin
The Shining One


Innate Abilities, Weirdness & Mutations

You are partially covered in slimy green scales. (AC +2)
You are partially covered in thin metallic scales. (AC +2)
Your mind is acute. (Int +2)


Message History

Found a potion of heal wounds.
Found two altars.
There is an open door here.
The helpless deep elf mage fails to defend itself.
You puncture the deep elf mage!
The deep elf mage is lightly wounded.
The deep elf mage hits you with a long sword of holy wrath.
Unknown command.
Casting: Flame Tongue
Confirm with . or Enter, or press ? or * to list all spells.
Aiming: Sticky Flame
Press: ? - help, Shift-Dir - straight line, f - deep elf mage
Aim: a deep elf mage, wielding a long sword of holy wrath (lightly wounded)
The sticky flame hits the deep elf mage.
The deep elf mage is moderately wounded.
The deep elf mage is covered in liquid flames!
The deep elf mage burns!
The deep elf mage casts a spell at you. The bolt of magma hits you!
Ouch! That really hurt!
You die...

▓▓▓▓▓ ▓▓▓ #...####
##.#####
#......#####..#___#
#....)..#..#..#e@.#
##.##...#!.#..###'#+###+
##.###..##+#..#..........
###.##..###...'.⌠........
#..##..####...#...######+
÷..##..###....#.⌠.#
..##..÷##.....#...#
.##....#......#+###
###..##.#.....#).:#


You could see a deep elf mage (burning).

Vanquished Creatures
  A water elemental (D)
  A wizard (D)
  Jessica (D)
  A human (D)
  A kobold demonologist (D)
  An ooze (D)
  A phantom (D)
  A rat (D)
8 creatures vanquished.

Vanquished Creatures (others)
  2 draconian scorchers (D)
  6 hellions (D)
  A yaktaur (D)
  3 plants (D)
12 creatures vanquished.

Grand Total: 20 creatures vanquished

Notes
Turn   | Place    | Note
-------+----------+-------------------------------------------
     0 | D        | Kidiri the Deep Elf Fire Elementalist began the quest for the Orb.
     0 | D        | Reached XP level 1. HP: 10/10 MP: 6/6
    12 | D        | Reached skill level 4 in Spellcasting
    32 | D        | Killed a yaktaur
    64 | D        | Noticed Jessica
    70 | D        | Killed Jessica
    70 | D        | Reached skill level 6 in Spellcasting
    70 | D        | Reached XP level 2. HP: 15/15 MP: 4/11
    70 | D        | Reached XP level 3. HP: 19/19 MP: 4/12
    74 | D        | Learned a level 2 spell: Throw Flame
    78 | D        | Learned a level 3 spell: Conjure Flame
    82 | D        | Learned a level 3 spell: Inner Flame
    86 | D        | Killed a hellion
    86 | D        | Killed a hellion
   100 | D        | Killed a hellion
   102 | D        | Killed a hellion
   128 | D        | Killed a hellion
   141 | D        | Reached skill level 7 in Spellcasting
   141 | D        | Reached skill level 5 in Fire Magic
   211 | D        | Killed a white draconian scorcher
   212 | D        | Killed a white draconian scorcher
   237 | D        | Killed a hellion
   338 | D        | Gained mutation: Your mind is acute. (Int +2) [potion of mutation]
   338 | D        | Gained mutation: You are partially covered in thin metallic scales. (AC +2) [potion of mutation]
   338 | D        | Gained mutation: You are partially covered in slimy green scales. (AC +2) [potion of mutation]
   351 | D        | Noticed a water elemental
   353 | D        | Killed a water elemental
   353 | D        | Reached skill level 9 in Spellcasting
   353 | D        | Reached XP level 4. HP: 24/24 MP: 9/17
   404 | D        | Found a radiant altar of Vehumet.
   405 | D        | Found a deep blue altar of Sif Muna.
   405 | D        | Found an ancient bone altar of Kikubaaqudgha.
   405 | D        | Noticed a wizard
   415 | D        | Reached skill level 5 in Conjurations
   444 | D        | Killed a wizard
   444 | D        | Reached skill level 1 in Fighting
   444 | D        | Reached skill level 1 in Armour
   444 | D        | Reached XP level 5. HP: 24/29 MP: 12/19
   450 | D        | Learned a level 4 spell: Sticky Flame
   456 | D        | Learned a level 5 spell: Fireball
   471 | D        | Learned a level 3 spell: Mephitic Cloud
   489 | D        | Became a worshipper of Vehumet
   540 | D        | Found a glowing silver altar of Zin.
   541 | D        | Found a glowing golden altar of the Shining One.
   541 | D        | Found a white marble altar of Elyvilon.
   541 | D        | Noticed a deep elf mage
   544 | D        | Killed from afar by a deep elf mage

Vault maps used:
D:        dungeon_sprint_mu

Skill      XL: |  1  2  3  4 |
---------------+-------------+-----
Spellcasting   | 6 9 |  9.7
Conjurations   | 3 4 5 |  5.2
Fire Magic     | 4 5 6 |  6.2
Fighting       | 1 |  1.2
Armour         | 1 |  1.2
Dodging        | 3 |  3.2
Stealth        | |  2.4

Action                   |  1- 3 |  4- 6 || total
-------------------------+-------+-------++-------
Melee: Dagger            |       |     1 ||     1
 Cast: Flame Tongue      |    17 |    12 ||    29
       Conjure Flame     |     1 |       ||     1
       Sticky Flame      |       |     1 ||     1
  Use: Scroll            |     2 |       ||     2
       Potion            |     1 |     1 ||     2
 Stab: Sleeping          |       |     1 ||     1
Armor: Robe              |       |     4 ||     4
Dodge: Dodged            |     1 |     6 ||     7

Table legend:
 A = Spawn XP
 B = Non-spawn XP
 C = Spawn XP percentage of total XP
 D = Spawn monster count
 E = Non-spawn monster count
 F = Spawn count percentage of total count
 G = Total turns spent on level
                    A         B        C        D         E        F      G
               +---------+---------+-------+---------+---------+-------+---------
         Total |       0 |     222 |   0.0 |       0 |       8 |   0.0 |   544
               +---------+---------+-------+---------+---------+-------+---------
             D |       0 |     222 |   0.0 |       0 |       8 |   0.0 |   544
               +---------+---------+-------+---------+---------+-------+---------
